| TOP OF THE 1ST |
|
Colorado Avalanche batting - Pitching for Tijuana Toros : RHP Kevin Fleming
|
|
Pitching: RHP Kevin Fleming
|
|
|
Batting: RHB Kevin Tangeman
|
0-0: Ball 1-0: Foul Ball, location: 2F 1-1: Foul Ball, location: 2F 1-2: Ball 2-2: Strikes out swinging
|
|
Batting: LHB Paul McClintock
|
0-0: Called Strike 0-1: Ground out 6-3 (Groundball, 6, EV 75.6 MPH)
|
|
Batting: SHB Jamie Mims
|
0-0: Ball 1-0: Ground out 4-3 (Groundball, 4, EV 80.6 MPH)
|
| Top of the 1st over - 0 runs, 0 hits, 0 errors, 0 left on base; Colorado 0 - Tijuana 0 |
| BOTTOM OF THE 1ST |
|
Tijuana Toros batting - Pitching for Colorado Avalanche : RHP Zach Sommer
|
|
Pitching: RHP Zach Sommer
|
|
|
Batting: RHB Theo Schepers
|
0-0: Called Strike 0-1: Called Strike 0-2: Strikes out looking
|
|
Batting: LHB Steve Pond
|
0-0: Foul Ball, location: 2F 0-1: Called Strike 0-2: Strikes out swinging
|
|
Batting: RHB Chad Rojas
|
0-0: Ball 1-0: Ball 2-0: Ball 3-0: Called Strike 3-1: Swinging Strike 3-2: Ground out U3 (Groundball, 34, EV 94.4 MPH)
|
| Bottom of the 1st over - 0 runs, 0 hits, 0 errors, 0 left on base; Colorado 0 - Tijuana 0 |
| TOP OF THE 2ND |
|
Colorado Avalanche batting - Pitching for Tijuana Toros : RHP Kevin Fleming
|
|
Batting: RHB Ray Insley
|
0-0: Swinging Strike 0-1: Ball 1-1: Ball 2-1: Foul Ball, location: 2F 2-2: DOUBLE (Line Drive, 9LS, EV 108.8 MPH)
|
|
Batting: RHB John Corfield
|
0-0: Ball 1-0: Foul Ball, location: 2F 1-1: Called Strike 1-2: Strikes out swinging
|
|
Batting: RHB Dan Hoffman
|
0-0: Reached on error, E7 (Flyball, 78M, EV 93.8 MPH) Ray Insley to third
|
|
Batting: RHB Kevin McKasson
|
0-0: Foul Ball, location: 2F 0-1: Ball 1-1: Swinging Strike 1-2: Foul Ball, location: 2F 1-2: Fly out, F3 (Popup, 3S, EV 75.6 MPH)
|
|
Batting: RHB Bob Hayes
|
0-0: Fly out, F9 (Flyball, 9LM, EV 103.1 MPH)
|
| Top of the 2nd over - 0 runs, 1 hit, 1 error, 2 left on base; Colorado 0 - Tijuana 0 |
| BOTTOM OF THE 2ND |
|
Tijuana Toros batting - Pitching for Colorado Avalanche : RHP Zach Sommer
|
|
Batting: LHB Nate Kee
|
0-0: Ball 1-0: Called Strike 1-1: Ball 2-1: Foul Ball, location: 2F 2-2: Hit by Pitch
|
|
Batting: RHB Pat Adams
|
0-0: Foul Ball, location: 2F 0-1: Ball 1-1: Called Strike 1-2: Strikes out swinging
|
|
Batting: RHB David Watkins
|
0-0: Ball 1-0: Fly out, F8 (Flyball, 89M, EV 88.8 MPH)
|
|
Batting: RHB Mike Kaczor
|
0-0: Ball 1-0: Called Strike 1-1: Ball 2-1: Ball 3-1: Called Strike 3-2: Foul Ball, location: 2F 3-2: Base on Balls Nate Kee to second
|
|
Batting: RHB Ruben Irizarry
|
0-0: Called Strike 0-1: Swinging Strike 0-2: Foul Ball, location: 2F 0-2: Strikes out swinging
|
| Bottom of the 2nd over - 0 runs, 0 hits, 0 errors, 2 left on base; Colorado 0 - Tijuana 0 |
| TOP OF THE 3RD |
|
Colorado Avalanche batting - Pitching for Tijuana Toros : RHP Kevin Fleming
|
|
Batting: SHB Clayton Saunders
|
0-0: Reached on error, E4 (Groundball, 4, EV 103.1 MPH)
|
|
Batting: RHB Kevin Tangeman
|
0-0: Called Strike 0-1: Called Strike 0-2: Foul Ball, location: 2F 0-2: Foul Ball, location: 2F 0-2: SINGLE (Groundball, 6MD, EV 95.0 MPH) Clayton Saunders to second Runner from 2nd tries for 3rd, SAFE, throw by CF made to third
|
|
Pitching: RHP Balinda Msrah
|
|
|
Batting: LHB Paul McClintock
|
0-0: Called Strike 0-1: Ball 1-1: Ball 2-1: Called Strike 2-2: Foul Ball, location: 2F 2-2: SINGLE (Line Drive, 4M, EV 100.0 MPH) Clayton Saunders scores Kevin Tangeman to second Runner from 2nd tries for 3rd, SAFE, throw by CF made to third
|
|
Batting: SHB Jamie Mims
|
0-0: Foul Ball, location: 2F 0-1: Called Strike 0-2: Ball 1-2: Foul Ball, location: 2F 1-2: Fielders Choice at 2nd, 3-6 (Groundball, 3, EV 100.6 MPH) Kevin Tangeman scores
|
|
Batting: RHB Ray Insley
|
0-0: Ball 1-0: Called Strike Jamie Mims steals 2nd base 1-1: Swinging Strike 1-2: Ball 2-2: Ball 3-2: Fly out, F8 (Flyball, 78S, EV 84.4 MPH)
|
|
Batting: RHB John Corfield
|
0-0: Ball 1-0: Ball 2-0: DOUBLE (Flyball, 8LXD, EV 103.1 MPH) Jamie Mims scores
|
|
Pitching: RHP Alfredo Sanchez
|
|
|
Batting: RHB Dan Hoffman
|
0-0: Ball 1-0: SINGLE (Groundball, 6M, EV 87.5 MPH) (infield hit) John Corfield to third
|
|
Batting: RHB Kevin McKasson
|
0-0: SINGLE (Line Drive, 6M, EV 96.2 MPH) John Corfield scores Dan Hoffman to second
|
|
Batting: RHB Bob Hayes
|
0-0: Ball 1-0: Ball 2-0: Called Strike 2-1: Ball 3-1: Swinging Strike 3-2: Strikes out swinging
|
| Top of the 3rd over - 4 runs, 5 hits, 1 error, 2 left on base; Colorado 4 - Tijuana 0 |
| BOTTOM OF THE 3RD |
|
Tijuana Toros batting - Pitching for Colorado Avalanche : RHP Zach Sommer
|
|
Batting: SHB Shane Marcum
|
0-0: Called Strike 0-1: Fly out, F9 (Flyball, 89D, EV 83.8 MPH)
|
|
Batting: RHB Theo Schepers
|
0-0: Foul Ball, location: 2F 0-1: Ball 1-1: Ball 2-1: Fly out, F7 (Line Drive, 7, EV 95.6 MPH)
|
|
Batting: LHB Steve Pond
|
0-0: Foul Ball, location: 2F 0-1: Ball 1-1: SOLO HOME RUN (Line Drive, 7D, EV 103.8 MPH), Distance : 414 ft
|
|
Batting: RHB Chad Rojas
|
0-0: Ball 1-0: Ball 2-0: Ground out 3-1 (Groundball, 34S, EV 90.0 MPH)
|
| Bottom of the 3rd over - 1 run, 1 hit, 0 errors, 0 left on base; Colorado 4 - Tijuana 1 |
| TOP OF THE 4TH |
|
Colorado Avalanche batting - Pitching for Tijuana Toros : RHP Alfredo Sanchez
|
|
Batting: SHB Clayton Saunders
|
0-0: Called Strike 0-1: Ball 1-1: Swinging Strike 1-2: Fly out, F8 (Flyball, 8LD, EV 91.9 MPH)
|
|
Batting: RHB Kevin Tangeman
|
0-0: Called Strike 0-1: Swinging Strike 0-2: Foul Ball, location: 2F 0-2: Strikes out swinging
|
|
Batting: LHB Paul McClintock
|
0-0: Foul Ball, location: 2F 0-1: Swinging Strike 0-2: Ball 1-2: Foul Ball, location: 2F 1-2: Foul Ball, location: 2F 1-2: Strikes out swinging
|
| Top of the 4th over - 0 runs, 0 hits, 0 errors, 0 left on base; Colorado 4 - Tijuana 1 |
| BOTTOM OF THE 4TH |
|
Tijuana Toros batting - Pitching for Colorado Avalanche : RHP Zach Sommer
|
|
Batting: LHB Nate Kee
|
0-0: Ball 1-0: Ball 2-0: Ball 3-0: Base on Balls
|
|
Batting: RHB Pat Adams
|
0-0: Ball 1-0: Ball 2-0: Fly out, F8 (Flyball, 8RD, EV 92.5 MPH)
|
|
Batting: RHB David Watkins
|
0-0: Ball 1-0: Called Strike 1-1: Foul Ball, location: 2F 1-2: SINGLE (Line Drive, 5D, EV 94.4 MPH) Nate Kee to second
|
|
Batting: RHB Mike Kaczor
|
0-0: Ball 1-0: Ball 2-0: Fly out, F6 (Flyball, 56D, EV 83.1 MPH)
|
|
Batting: RHB Ruben Irizarry
|
0-0: Ball 1-0: Ball 2-0: SINGLE (Flyball, 78S, EV 90.6 MPH) Nate Kee to third David Watkins to second Runner from 3rd tries for Home, SAFE, throw by LF to home
|
|
Batting: SHB Shane Marcum
|
0-0: 3-RUN HOME RUN (Flyball, 89XD, EV 107.5 MPH), Distance : 417 ft
|
|
Batting: RHB Theo Schepers
|
0-0: Ball 1-0: SINGLE (Groundball, 4M, EV 108.8 MPH) (infield hit)
|
|
Batting: LHB Steve Pond
|
0-0: Called Strike 0-1: Called Strike 0-2: Foul Ball, location: 2F 0-2: Ball Theo Schepers is caught stealing 2nd base 2-6
|
| Bottom of the 4th over - 4 runs, 4 hits, 0 errors, 0 left on base; Colorado 4 - Tijuana 5 |
| TOP OF THE 5TH |
|
Colorado Avalanche batting - Pitching for Tijuana Toros : RHP Alfredo Sanchez
|
|
Pitching: RHP Gary Salazar
|
|
|
Batting: SHB Jamie Mims
|
0-0: Foul Ball, location: 2F 0-1: Ground out U3 (Groundball, 3L, EV 93.8 MPH)
|
|
Batting: RHB Ray Insley
|
0-0: Called Strike 0-1: Fly out, F8 (Flyball, 8RM, EV 91.9 MPH)
|
|
Batting: RHB John Corfield
|
0-0: Ball 1-0: Ball 2-0: Called Strike 2-1: Foul Ball, location: 2F 2-2: Fly out, F8 (Flyball, 78XD, EV 106.2 MPH)
|
| Top of the 5th over - 0 runs, 0 hits, 0 errors, 0 left on base; Colorado 4 - Tijuana 5 |
| BOTTOM OF THE 5TH |
|
Tijuana Toros batting - Pitching for Colorado Avalanche : RHP Zach Sommer
|
|
Batting: LHB Steve Pond
|
0-0: Ball 1-0: Called Strike 1-1: Ground out 6-3 (Groundball, 6S, EV 74.4 MPH)
|
|
Batting: RHB Chad Rojas
|
0-0: Ball 1-0: Ball 2-0: Foul Ball, location: 2F 2-1: DOUBLE (Line Drive, 78M, EV 101.2 MPH)
|
|
Pitching: RHP Matviy Oliynyk
|
|
|
Batting: LHB Nate Kee
|
0-0: Ball 1-0: Ball Chad Rojas steals 3rd base 2-0: Swinging Strike 2-1: Swinging Strike 2-2: Single, Error in OF, E7, batter to second base (Line Drive, 78S, EV 110.0 MPH) Chad Rojas scores
|
|
Batting: RHB Pat Adams
|
0-0: Ball 1-0: DOUBLE (Line Drive, 9LS, EV 113.8 MPH) Nate Kee scores
|
|
Batting: RHB David Watkins
|
0-0: Ball 1-0: Foul Ball, location: 2F 1-1: Ball 2-1: Called Strike 2-2: Fly out, F8 (Flyball, 89D, EV 103.1 MPH) Runner from 2nd tags up, SAFE at 3rd, no throw by CF
|
|
Batting: RHB Mike Kaczor
|
0-0: Fly out, F9 (Flyball, 89XD, EV 98.1 MPH)
|
| Bottom of the 5th over - 2 runs, 3 hits, 1 error, 1 left on base; Colorado 4 - Tijuana 7 |
| TOP OF THE 6TH |
|
Colorado Avalanche batting - Pitching for Tijuana Toros : RHP Gary Salazar
|
|
Batting: RHB Dan Hoffman
|
0-0: Ball 1-0: Ground out 5-3 (Groundball, 5, EV 84.4 MPH)
|
|
Batting: RHB Kevin McKasson
|
0-0: Ball 1-0: Called Strike 1-1: Ground out 6-3 (Groundball, 6MS, EV 81.2 MPH)
|
|
Batting: RHB Bob Hayes
|
0-0: Called Strike 0-1: Ball 1-1: Ball 2-1: Fly out, F8 (Line Drive, 8RD, EV 94.4 MPH)
|
| Top of the 6th over - 0 runs, 0 hits, 0 errors, 0 left on base; Colorado 4 - Tijuana 7 |
| BOTTOM OF THE 6TH |
|
Tijuana Toros batting - Pitching for Colorado Avalanche : RHP Matviy Oliynyk
|
|
Batting: RHB Ruben Irizarry
|
0-0: Called Strike 0-1: Ball 1-1: SINGLE (Groundball, 56D, EV 104.4 MPH)
|
|
Batting: SHB Shane Marcum
|
0-0: Called Strike 0-1: Ball 1-1: Ball 2-1: Ball 3-1: Foul Ball, location: 2F 3-2: Base on Balls Ruben Irizarry to second
|
|
Batting: RHB Theo Schepers
|
0-0: Ball 1-0: Foul Ball, location: 2F 1-1: Ground out 5-3 (Groundball, 56S, EV 73.8 MPH) Ruben Irizarry to third Shane Marcum to second
|
|
Batting: LHB Steve Pond
|
0-0: Ball 1-0: Foul Ball, location: 2F 1-1: Ball Wild Pitch! Ruben Irizarry scores Shane Marcum to third 2-1: Ground out 4-3 (Groundball, 34D, EV 86.9 MPH) Shane Marcum scores
|
|
Batting: RHB Chad Rojas
|
0-0: Ball 1-0: Swinging Strike 1-1: Fly out, F8 (Line Drive, 8RD, EV 90.6 MPH)
|
| Bottom of the 6th over - 2 runs, 1 hit, 0 errors, 0 left on base; Colorado 4 - Tijuana 9 |
| TOP OF THE 7TH |
|
Colorado Avalanche batting - Pitching for Tijuana Toros : RHP Gary Salazar
|
|
Pitching: RHP Andrew Telles
|
|
|
Batting: SHB Clayton Saunders
|
0-0: Called Strike 0-1: SINGLE (Groundball, 4, EV 96.9 MPH)
|
|
Batting: RHB Kevin Tangeman
|
0-0: Ball 1-0: Called Strike 1-1: Called Strike 1-2: Foul Ball, location: 2F 1-2: Strikes out swinging
|
|
Batting: LHB Paul McClintock
|
0-0: Ball 1-0: Ball 2-0: Ball 3-0: Called Strike 3-1: Called Strike 3-2: Foul Ball, location: 2F 3-2: Foul Ball, location: 2F 3-2: Grounds into double play, 4-6-3 (Groundball, 4, EV 77.5 MPH)
|
| Top of the 7th over - 0 runs, 1 hit, 0 errors, 0 left on base; Colorado 4 - Tijuana 9 |
| BOTTOM OF THE 7TH |
|
Tijuana Toros batting - Pitching for Colorado Avalanche : RHP Matviy Oliynyk
|
|
Batting: LHB Nate Kee
|
0-0: Called Strike 0-1: Foul Ball, location: 2F 0-2: Ground out 6-3 (Groundball, 6MS, EV 81.2 MPH)
|
|
Batting: RHB Pat Adams
|
0-0: DOUBLE (Flyball, 8LXD, EV 88.8 MPH)
|
|
Batting: RHB David Watkins
|
0-0: Ball 1-0: Ball 2-0: Ball 3-0: Called Strike 3-1: Base on Balls
|
|
Batting: RHB Mike Kaczor
|
0-0: Ball 1-0: Foul Ball, location: 2F 1-1: Called Strike 1-2: Grounds into double play, 6-4-3 (Groundball, 56, EV 105.0 MPH)
|
| Bottom of the 7th over - 0 runs, 1 hit, 0 errors, 1 left on base; Colorado 4 - Tijuana 9 |
| TOP OF THE 8TH |
|
Colorado Avalanche batting - Pitching for Tijuana Toros : RHP Andrew Telles
|
|
Batting: SHB Jamie Mims
|
0-0: Ball 1-0: Swinging Strike 1-1: Ball 2-1: Ground out U3 (Groundball, 3, EV 96.9 MPH)
|
|
Pitching: RHP Jeff Lewis
|
|
|
Batting: RHB Ray Insley
|
0-0: Ball 1-0: Foul Ball, location: 2F 1-1: Ball 2-1: SOLO HOME RUN (Flyball, 7D, EV 95.6 MPH), Distance : 387 ft
|
|
Batting: RHB John Corfield
|
0-0: Called Strike 0-1: Ball 1-1: Fly out, F9 (Line Drive, 9D, EV 99.4 MPH)
|
|
Batting: RHB Dan Hoffman
|
0-0: Called Strike 0-1: Foul Ball, location: 2F 0-2: SINGLE (Flyball, 8RS, EV 98.8 MPH)
|
|
Batting: RHB Kevin McKasson
|
0-0: Foul Ball, location: 2F 0-1: Called Strike 0-2: SINGLE (Flyball, 89S, EV 93.1 MPH) Dan Hoffman to second
|
|
Batting: RHB Bob Hayes
|
0-0: Called Strike 0-1: Called Strike 0-2: Ball 1-2: Ball 2-2: SINGLE (Line Drive, 9S, EV 101.9 MPH) Dan Hoffman to third Kevin McKasson to second
|
|
Pitching: RHP Jordan Amaker
|
|
|
Batting: SHB Clayton Saunders
|
0-0: Called Strike 0-1: Called Strike 0-2: SINGLE (Groundball, 4D, EV 95.6 MPH) Dan Hoffman scores Kevin McKasson to third Bob Hayes to second
|
|
Batting: RHB Kevin Tangeman
|
0-0: Ball 1-0: Foul Ball, location: 2F 1-1: Ball 2-1: Ball 3-1: Swinging Strike 3-2: Base on Balls Kevin McKasson scores Bob Hayes to third Clayton Saunders to second
|
|
Batting: LHB Paul McClintock
|
0-0: SINGLE (Line Drive, 7S, EV 92.5 MPH) Bob Hayes scores Clayton Saunders to third Kevin Tangeman to second Runner from 3rd tries for Home, SAFE, throw by LF to home
|
|
Batting: SHB Jamie Mims
|
0-0: Ground out 3-1 (Groundball, 34S, EV 83.1 MPH)
|
| Top of the 8th over - 5 runs, 6 hits, 0 errors, 2 left on base; Colorado 9 - Tijuana 9 |
| BOTTOM OF THE 8TH |
|
Tijuana Toros batting - Pitching for Colorado Avalanche : RHP Matviy Oliynyk
|
|
Batting: LHB Mesfin Azagba
|
0-0: Ball 1-0: Fly out, F8 (Flyball, 89M, EV 88.1 MPH)
|
|
Batting: SHB Shane Marcum
|
0-0: Ball 1-0: Fly out, F8 (Flyball, 8LS, EV 83.1 MPH)
|
|
Batting: RHB Theo Schepers
|
0-0: Fly out, F6 (Popup, 6M, EV 68.8 MPH)
|
| Bottom of the 8th over - 0 runs, 0 hits, 0 errors, 0 left on base; Colorado 9 - Tijuana 9 |
| TOP OF THE 9TH |
|
Colorado Avalanche batting - Pitching for Tijuana Toros : RHP Jordan Amaker
|
|
Batting: RHB Ray Insley
|
0-0: Ball 1-0: Called Strike 1-1: Ball 2-1: Foul Ball, location: 2F 2-2: Foul Ball, location: 2F 2-2: SOLO HOME RUN (Line Drive, 78XD, EV 105.0 MPH), Distance : 425 ft
|
|
Batting: RHB John Corfield
|
0-0: Ball 1-0: Called Strike 1-1: SINGLE (Flyball, 56D, EV 85.0 MPH)
|
|
Pitching: LHP Bryan Rouse
|
|
|
Batting: RHB Dan Hoffman
|
0-0: Ball 1-0: Ball 2-0: Swinging Strike 2-1: Ball 3-1: Fly out, F9 (Flyball, 9, EV 79.4 MPH)
|
|
Batting: RHB Kevin McKasson
|
0-0: Called Strike 0-1: Foul Ball, location: 2F 0-2: Ball 1-2: Foul Ball, location: 2F 1-2: Ground out 4-3 (Groundball, 4MS, EV 61.2 MPH) John Corfield to second
|
|
Batting: RHB Bob Hayes
|
0-0: Called Strike 0-1: Ball 1-1: SINGLE (Groundball, 56D, EV 105.6 MPH) John Corfield to third Runner from 3rd tries for Home, throw by LF and OUT! 7-2
|
| Top of the 9th over - 1 run, 3 hits, 0 errors, 1 left on base; Colorado 10 - Tijuana 9 |
| BOTTOM OF THE 9TH |
|
Tijuana Toros batting - Pitching for Colorado Avalanche : RHP Matviy Oliynyk
|
|
Now in RF: Craig Ruzic
|
|
|
Batting: LHB Steve Pond
|
0-0: Swinging Strike 0-1: SOLO HOME RUN (Flyball, 89XD, EV 100.0 MPH), Distance : 396 ft
|
|
Batting: RHB Chad Rojas
|
0-0: Ball 1-0: Ball 2-0: SINGLE (Groundball, 6MD, EV 108.1 MPH)
|
|
Batting: LHB Nate Kee
|
0-0: Called Strike 0-1: Ball 1-1: SINGLE (Flyball, 89S, EV 86.9 MPH) Chad Rojas to second
|
|
Batting: RHB Pat Adams
|
0-0: Foul Ball, location: 2F 0-1: Ball 1-1: Single, Error in OF, E9, batter to second base (Line Drive, 3D, EV 95.6 MPH) Chad Rojas scores
|
| Bottom of the 9th over - 2 runs, 4 hits, 1 error, 0 left on base; Colorado 10 - Tijuana 11 |
| |
|
Game Over ... Tijuana defeats Colorado, 11 to 10
|
|
|